 Dungeon Crawl Stone Soup version 0.23-a0-586-gacb4b3f (webtiles) character file.

387 KristoblXynda the Chopper (level 6, -2/56 HPs)
             Began as a Naga Fighter on Dec 18, 2018.
             Was a Follower of Qazlal.
             Slain by a gnoll
             ... wielding a +0 spear
              (7 damage)
             ... on level 4 of the Dungeon.
             The game lasted 00:07:04 (3665 turns).

KristoblXynda the Chopper (Naga Fighter)            Turns: 3665, Time: 00:07:05

Health: -2/56      AC:  9    Str: 19    XL:     6   Next: 78%
Magic:  6/6        EV:  6    Int: 10    God:    Qazlal [*.....]
Gold:   210        SH: 10    Dex: 10    Spells: 5/5 levels left

rFire    + . .     SeeInvis +   a - +0 war axe
rCold    . . .     Gourm    .   c - +0 shield
rNeg     . . .     Faith    .   e - +2 ring mail {rF+}
rPois    +         Spirit   .   (no helmet)
rElec    .         Reflect  .   (no cloak)
rCorr    .         Harm     .   t - +1 pair of gloves
MR       .....                  (no barding)
Stlth    ..........             j - amulet of the acrobat
HPRegen  0.18/turn              (no ring)
MPRegen  0.10/turn              (no ring)

@: very slow
A: large, see invisible, deformed body, poison resistance, slowness 2, slow
metabolism 1, spit poison 1, AC +2
a: Spit Poison, Renounce Religion


You were on level 4 of the Dungeon.
You worshipped Qazlal.
Qazlal was aware of your devotion.
You were not hungry.

You visited 1 branch of the dungeon, and saw 4 of its levels.

You collected 210 gold pieces.

Inventory:

Hand Weapons
 a - a +0 war axe (weapon)
Armour
 c - a +0 shield (worn)
 e - a +2 ring mail of fire resistance (worn)
 t - a +1 pair of gloves (worn)
Jewellery
 j - an amulet of the acrobat (around neck)
Scrolls
 d - a scroll of magic mapping {unknown}
 g - 2 scrolls of fear
 h - 8 scrolls of remove curse
 k - a scroll of fog {unknown}
 l - a scroll of identify
 o - 3 scrolls of blinking {unknown}
 p - a scroll of random uselessness {unknown}
 q - 2 scrolls of teleportation {unknown}
Potions
 b - 2 potions of haste
 m - a potion of magic
 n - a potion of invisibility
 r - a potion of curing
 s - a potion of brilliance
Comestibles
 f - 3 rations


   Skills:
 - Level 3.0 Fighting
 * Level 5.1 Axes
 + Level 3.6 Armour
 + Level 3.6 Shields
 + Level 1.0 Invocations


You had 5 spell levels left.
You didn't know any spells.
Your spell library was empty.

Dungeon Overview and Level Annotations

Branches:
Dungeon (4/15)
 Temple: D:4-7

Altars:
Makhleb
Okawaru
Qazlal
Xom


Innate Abilities, Weirdness & Mutations

You cannot wear boots.
Your serpentine skin is tough. (AC +2)
You have supernaturally acute eyesight. (SInv)
Armour fits poorly on your strangely shaped body.
Your system is resistant to poisons. (rPois)
You cover ground very slowly.
You have a slow metabolism.
You can spit poison.


Message History

* * * LOW HITPOINT WARNING * * *
The phantom blinks!
Unknown command.
You barely miss the gnoll.
The gnoll is severely wounded.
The gnoll hits you with a +0 spear.
* * * LOW HITPOINT WARNING * * *
The phantom blinks!
You block the gnoll's attack.
Unknown command.
You closely miss the gnoll.
The gnoll is severely wounded.
The gnoll hits you with a +0 spear.
* * * LOW HITPOINT WARNING * * *
Unknown command.
You hit the gnoll.
The gnoll is almost dead.
Your shield prevents you from hitting the phantom.
The phantom hits you but does no damage.
The gnoll hits you with a +0 spear!
You die...

#..............(..
##.#####.#........
####...#
#.'........
#......#
#.#...).<.†
#......#
#.#........
#....###
#.######### #....#
#.# #..W.# #.#
#.§@.# #.# ##
#.g.)# #+ #.
#....# #. #....#
#. #..... ....
....... ##.#
#######. . . .. #
#


You could see a phantom and a gnoll.

Vanquished Creatures
  2 orc priests (D:3)
  An orc wizard (D:3)
  A worker ant (D:4)
  7 gnolls
  9 adders
  3 oozes
  6 worms
  2 dart slugs (D:1)
  3 leopard geckos
  8 orcs (D:3)
  5 giant cockroaches
  7 goblins
  10 hobgoblins
  2 jackals (D:1)
  10 kobolds
  A quokka (D:3)
  3 bats
  15 frilled lizards
  3 rats
98 creatures vanquished.

Notes
Turn   | Place    | Note
-------+----------+-------------------------------------------
     0 | D:1      | KristoblXynda the Naga Fighter began the quest for the Orb.
     0 | D:1      | Reached XP level 1. HP: 21/21 MP: 1/1
   299 | D:1      | Reached XP level 2. HP: 23/28 MP: 2/2
   505 | D:1      | Reached XP level 3. HP: 31/34 MP: 3/3
   637 | D:1      | Reached skill level 3 in Axes
  1122 | D:2      | Reached XP level 4. HP: 42/42 MP: 4/4
  1528 | D:2      | Found a shimmering altar of Xom.
  1535 | D:2      | Found a burning altar of Makhleb.
  2049 | D:2      | Reached XP level 5. HP: 36/49 MP: 5/5
  2227 | D:3      | Reached skill level 4 in Axes
  2260 | D:3      | Found a stormy altar of Qazlal.
  2270 | D:3      | Found an iron altar of Okawaru.
  2272 | D:3      | Became a worshipper of Qazlal Stormbringer
  2649 | D:3      | Reached XP level 6. HP: 48/56 MP: 6/6
  3574 | D:4      | Reached skill level 5 in Axes
  3648 | D:4      | Noticed a phantom
  3656 | D:4      | Reached * piety under Qazlal
  3659 | D:4      | Reached skill level 1 in Invocations
  3665 | D:4      | Slain by a gnoll

Vault maps used:
D:1:      dpeg_arrival_arbitrary_a, hangedman_decor_push, minmay_hexomino_c4
D:2:      minitemple
D:3:      grunt_temple_overflow_open, kennysheep_nondescript,
          kennysheep_generic_room_2

Skill      XL: |  1  2  3  4  5  6 |
---------------+-------------------+-----
Axes           | 3 4 5 |  5.1
Armour         | 3 |  3.6
Shields        | 3 |  3.6
Invocations    | 1 |  1.0
Fighting       | |  3.0

Action                   |  1- 3 |  4- 6 || total
-------------------------+-------+-------++-------
Melee: War axe           |   127 |   226 ||   353
  Use: Potion            |       |     5 ||     5
       Scroll            |       |     6 ||     6
  Eat: Chunk             |       |     7 ||     7
Armor: Scale mail        |    10 |       ||    10
       Ring mail         |    70 |   111 ||   181
Dodge: Dodged            |    53 |    65 ||   118
Block: Shield            |    83 |   129 ||   212

Table legend:
 A = Non-vault XP
 B = Vault XP
 C = Vault XP percentage of total XP
 D = Non-vault monster count
 E = Vault monster count
 F = Vault count percentage of total count
                 A         B        C        D         E       F
            +---------+---------+-------+---------+---------+-------
      Total |     542 |      12 |   2.2 |      90 |       8 |   8.2
            +---------+---------+-------+---------+---------+-------
        D:1 |      65 |      12 |  15.6 |      32 |       8 |  20.0
        D:2 |     113 |       0 |   0.0 |      24 |       0 |   0.0
        D:3 |     272 |       0 |   0.0 |      29 |       0 |   0.0
        D:4 |      92 |       0 |   0.0 |       5 |       0 |   0.0
            +---------+---------+-------+---------+---------+-------
